DBL
MINNESOTA TWINS @ CHICAGO CUBS
06/28/1997
 
TOP OF THE 1ST
Minnesota Twins batting - Pitching for Chicago Cubs : RHP Scott Chiamparino
Pitching: RHP Scott Chiamparino
Batting: LHB Darin Erstad 0-0: Ball
1-0: Called Strike
1-1: Ball
2-1: Foul Ball, location: 2F
2-2: Ball
3-2: SINGLE (Groundball, 4MD, EV 98.8 MPH)
Batting: LHB Kal Daniels 0-0: Called Strike
0-1: Foul Ball, location: 2F
0-2: Foul Ball, location: 2F
0-2: Ball
1-2: Ball
2-2: Strikes out swinging
Batting: RHB Frank Thomas 0-0: Ball
1-0: Called Strike
1-1: Ball
2-1: Fly out, F7 (Line Drive, 7, EV 90.6 MPH)
Batting: LHB Larry Walker 0-0: Called Strike
Darin Erstad steals 2nd base
0-1: Called Strike
0-2: Ball
1-2: Ball
2-2: Foul Ball, location: 2F
2-2: SINGLE (Groundball, 34D, EV 100.6 MPH)
Darin Erstad to third
Runner from 3rd tries for Home, SAFE, no throw by RF
Batting: RHB Koji Akiyama 0-0: Ball
1-0: Fielders Choice at 2nd, 5-4 (Groundball, 5, EV 85.0 MPH)
Top of the 1st over - 1 run, 2 hits, 0 errors, 1 left on base; Minnesota 1 - Chicago 0
BOTTOM OF THE 1ST
Chicago Cubs batting - Pitching for Minnesota Twins : RHP Hideo Nomo
Pitching: RHP Hideo Nomo
Batting: LHB Trot Nixon 0-0: Called Strike
0-1: Ball
1-1: Ball
2-1: SINGLE (Flyball, 7LS, EV 97.5 MPH) - OUT at second base trying to stretch hit.
Batting: RHB Mike Piazza 0-0: Swinging Strike
0-1: Swinging Strike
0-2: Strikes out looking
Batting: LHB Dan Pasqua 0-0: Called Strike
0-1: Ground out 1-3 (Groundball, 13, EV 75.6 MPH)
Bottom of the 1st over - 0 runs, 1 hit, 0 errors, 0 left on base; Minnesota 1 - Chicago 0
TOP OF THE 2ND
Minnesota Twins batting - Pitching for Chicago Cubs : RHP Scott Chiamparino
Batting: RHB Brook Fordyce 0-0: Ground out 6-3 (Groundball, 6S, EV 84.4 MPH)
Batting: SHB Brent Gates 0-0: Ball
1-0: Foul Ball, location: 2F
1-1: Swinging Strike
1-2: Foul Ball, location: 2F
1-2: Strikes out swinging
Batting: RHB Mark Grudzielanek 0-0: Ball
1-0: Ball
2-0: Ground out 1-3 (Groundball, 34S, EV 77.5 MPH)
Top of the 2nd over - 0 runs, 0 hits, 0 errors, 0 left on base; Minnesota 1 - Chicago 0
BOTTOM OF THE 2ND
Chicago Cubs batting - Pitching for Minnesota Twins : RHP Hideo Nomo
Batting: LHB Phil Plantier 0-0: Called Strike
0-1: Foul Ball, location: 2F
0-2: Strikes out swinging
Batting: RHB Vinny Castilla 0-0: Foul Ball, location: 2F
0-1: Foul Ball, location: 2F
0-2: Strikes out looking
Batting: RHB Craig Shipley 0-0: Fly out, F7 (Flyball, 78S, EV 82.5 MPH)
Bottom of the 2nd over - 0 runs, 0 hits, 0 errors, 0 left on base; Minnesota 1 - Chicago 0
TOP OF THE 3RD
Minnesota Twins batting - Pitching for Chicago Cubs : RHP Scott Chiamparino
Batting: RHB Rey Ordonez 0-0: Ball
1-0: Called Strike
1-1: Foul Ball, location: 2F
1-2: Ball
2-2: Ground out 6-3 (Groundball, 6, EV 97.5 MPH)
Batting: LHB Darin Erstad 0-0: Foul Ball, location: 2F
0-1: Ground out 4-3 (Groundball, 4M, EV 108.1 MPH)
Batting: LHB Kal Daniels 0-0: Swinging Strike
0-1: Foul Ball, location: 2F
0-2: Ball
1-2: Fly out, F7 (Flyball, 78S, EV 93.8 MPH)
Top of the 3rd over - 0 runs, 0 hits, 0 errors, 0 left on base; Minnesota 1 - Chicago 0
BOTTOM OF THE 3RD
Chicago Cubs batting - Pitching for Minnesota Twins : RHP Hideo Nomo
Batting: RHB Jeff Cirillo 0-0: Called Strike
0-1: Called Strike
0-2: Foul Ball, location: 2F
0-2: Ball
1-2: Ball
2-2: Foul Ball, location: 2F
2-2: Ball
3-2: Foul Ball, location: 2F
3-2: Foul Ball, location: 2F
3-2: Foul Ball, location: 2F
3-2: Ground out 4-3 (Groundball, 4, EV 107.5 MPH)
Batting: RHB Chris Hoiles 0-0: Ball
1-0: Called Strike
1-1: Called Strike
1-2: Foul Ball, location: 2F
1-2: Foul Ball, location: 2F
1-2: Ball
2-2: Ball
3-2: Strikes out swinging
Batting: LHB Rich Becker 0-0: Ball
1-0: Foul Ball, location: 2F
1-1: Ball
2-1: Ball
3-1: Foul Ball, location: 2F
3-2: Foul Ball, location: 2F
3-2: DOUBLE (Line Drive, 9LM, EV 108.1 MPH)
Batting: LHB Trot Nixon 0-0: Foul Ball, location: 2F
0-1: Ball
1-1: Ground out 4-3 (Groundball, 4MS, EV 66.3 MPH)
Bottom of the 3rd over - 0 runs, 1 hit, 0 errors, 1 left on base; Minnesota 1 - Chicago 0
TOP OF THE 4TH
Minnesota Twins batting - Pitching for Chicago Cubs : RHP Scott Chiamparino
Batting: RHB Frank Thomas 0-0: Ball
1-0: Foul Ball, location: 2F
1-1: TRIPLE (Flyball, 9LD, EV 100.0 MPH)
Batting: LHB Larry Walker 0-0: Ball
1-0: Called Strike
1-1: Ball
2-1: Ball
3-1: TRIPLE (Flyball, 89XD, EV 94.4 MPH)
Frank Thomas scores
Batting: RHB Koji Akiyama 0-0: Ball
1-0: Foul Ball, location: 2F
1-1: Ball
2-1: Swinging Strike
2-2: 2-RUN HOME RUN (Flyball, 7D, EV 93.1 MPH), Distance : 380 ft
Batting: RHB Brook Fordyce 0-0: Ball
1-0: DOUBLE (Groundball, 5L, EV 103.1 MPH)
Batting: SHB Brent Gates 0-0: Ball
Wild Pitch!
Brook Fordyce to third
1-0: Foul Ball, location: 2F
1-1: Fly out, F9 (Flyball, 9, EV 97.5 MPH)
Runner from 3rd tags up, SCORES, throw by RF
Batting: RHB Mark Grudzielanek 0-0: Ball
1-0: Ball
2-0: Ground out 1-3 (Groundball, P, EV 88.8 MPH)
Batting: RHB Rey Ordonez 0-0: SINGLE (Line Drive, 78M, EV 96.9 MPH)
Batting: LHB Darin Erstad 0-0: Called Strike
0-1: Ball
1-1: Ball
2-1: Ball
3-1: Fly out, F7 (Flyball, 7S, EV 76.9 MPH)
Top of the 4th over - 4 runs, 5 hits, 0 errors, 1 left on base; Minnesota 5 - Chicago 0
BOTTOM OF THE 4TH
Chicago Cubs batting - Pitching for Minnesota Twins : RHP Hideo Nomo
Batting: RHB Mike Piazza 0-0: Called Strike
0-1: Swinging Strike
0-2: Ball
1-2: Foul Ball, location: 2F
1-2: Ball
2-2: Ball
3-2: Foul Ball, location: 2F
3-2: Base on Balls
Batting: LHB Dan Pasqua 0-0: Called Strike
0-1: Swinging Strike
0-2: Strikes out looking
Batting: LHB Phil Plantier 0-0: Ball
1-0: Foul Ball, location: 2F
1-1: Ball
2-1: Swinging Strike
2-2: Ball
3-2: Base on Balls
Mike Piazza to second
Batting: RHB Vinny Castilla 0-0: Ball
1-0: Foul Ball, location: 2F
1-1: Fly out, F7 (Flyball, 7D, EV 85.0 MPH)
Runner from 2nd tags up, SAFE at 3rd with throw by LF
Batting: RHB Craig Shipley 0-0: Ball
1-0: Swinging Strike
1-1: Ground out 4-3 (Groundball, 34, EV 83.8 MPH)
Bottom of the 4th over - 0 runs, 0 hits, 0 errors, 2 left on base; Minnesota 5 - Chicago 0
TOP OF THE 5TH
Minnesota Twins batting - Pitching for Chicago Cubs : RHP Scott Chiamparino
Batting: LHB Kal Daniels 0-0: Ball
1-0: Foul Ball, location: 2F
1-1: Ball
2-1: Called Strike
2-2: Foul Ball, location: 2F
2-2: Ball
3-2: Fly out, F9 (Flyball, 9S, EV 97.5 MPH)
Batting: RHB Frank Thomas 0-0: Ball
1-0: Foul Ball, location: 2F
1-1: Ball
2-1: Foul Ball, location: 2F
2-2: Fly out, F8 (Flyball, 8RD, EV 89.4 MPH)
Batting: LHB Larry Walker 0-0: Called Strike
0-1: Swinging Strike
0-2: Ball
1-2: Strikes out swinging
Top of the 5th over - 0 runs, 0 hits, 0 errors, 0 left on base; Minnesota 5 - Chicago 0
BOTTOM OF THE 5TH
Chicago Cubs batting - Pitching for Minnesota Twins : RHP Hideo Nomo
Batting: RHB Jeff Cirillo 0-0: Swinging Strike
0-1: Called Strike
0-2: DOUBLE (Line Drive, 78D, EV 107.5 MPH)
Batting: RHB Chris Hoiles 0-0: Foul Ball, location: 2F
0-1: DOUBLE (Line Drive, 78XD, EV 106.9 MPH)
Jeff Cirillo scores
Batting: LHB Rich Becker 0-0: Swinging Strike
0-1: Swinging Strike
0-2: Ball
1-2: Foul Ball, location: 2F
1-2: Ball
2-2: Ball
3-2: Foul Ball, location: 2F
3-2: Base on Balls
Batting: LHB Trot Nixon 0-0: Called Strike
0-1: Ball
1-1: Ball
2-1: Called Strike
2-2: DOUBLE (Line Drive, 7LM, EV 102.5 MPH)
Chris Hoiles scores
Rich Becker to third
Batting: RHB Mike Piazza 0-0: Ball
1-0: Called Strike
1-1: Foul Ball, location: 2F
1-2: Fly out, F8 (Flyball, 8RD, EV 73.8 MPH)
Runner from 3rd tags up, SCORES, throw by CF
Batting: LHB Dan Pasqua 0-0: Ball
1-0: Called Strike
1-1: Called Strike
1-2: Hit by Pitch
Batting: LHB Phil Plantier 0-0: Ball
1-0: Ball
2-0: Called Strike
2-1: Called Strike
2-2: Foul Ball, location: 2F
2-2: Ball
3-2: SINGLE (Groundball, 4MD, EV 96.9 MPH)
Trot Nixon to third
Dan Pasqua to second
Batting: RHB Vinny Castilla 0-0: Ball
1-0: Foul Ball, location: 2F
1-1: Foul Ball, location: 2F
1-2: Ball
2-2: Strikes out swinging
Batting: RHB Craig Shipley 0-0: Ball
1-0: Ball
2-0: Called Strike
2-1: Reached on error, E5 (Groundball, 5L, EV 104.4 MPH)
Trot Nixon scores
Dan Pasqua to third
Phil Plantier to second
Batting: RHB Jeff Cirillo 0-0: Swinging Strike
0-1: Foul Ball, location: 2F
0-2: Ball
1-2: Ball
2-2: DOUBLE (Flyball, 8LXD, EV 100.0 MPH)
Dan Pasqua scores
Phil Plantier scores
Craig Shipley to third
Runner from 3rd tries for Home, SAFE, no throw by CF
Pitching: RHP Jerry Spradlin
Batting: RHB Chris Hoiles 0-0: Called Strike
0-1: Ball
1-1: Ball
2-1: Ball
3-1: Base on Balls
Batting: LHB Rich Becker 0-0: Fly out, F8 (Flyball, 8RXD, EV 102.5 MPH)
Bottom of the 5th over - 7 runs, 5 hits, 1 error, 2 left on base; Minnesota 5 - Chicago 7
TOP OF THE 6TH
Minnesota Twins batting - Pitching for Chicago Cubs : RHP Scott Chiamparino
Batting: RHB Koji Akiyama 0-0: Swinging Strike
0-1: Ball
1-1: Swinging Strike
1-2: Foul Ball, location: 2F
1-2: Strikes out looking
Pitching: RHP Julio Valera
Batting: RHB Brook Fordyce 0-0: Ball
1-0: Ball
2-0: Ground out 4-3 (Groundball, 4, EV 81.9 MPH)
Batting: SHB Brent Gates 0-0: Ball
1-0: Foul Ball, location: 2F
1-1: Called Strike
1-2: Foul Ball, location: 2F
1-2: Ground out 6-3 (Groundball, 6M, EV 83.8 MPH)
Top of the 6th over - 0 runs, 0 hits, 0 errors, 0 left on base; Minnesota 5 - Chicago 7
BOTTOM OF THE 6TH
Chicago Cubs batting - Pitching for Minnesota Twins : RHP Jerry Spradlin
Batting: LHB Trot Nixon 0-0: Called Strike
0-1: Fly out, F7 (Flyball, 78D, EV 100.0 MPH)
Batting: RHB Mike Piazza 0-0: Ball
1-0: Ball
2-0: Foul Ball, location: 2F
2-1: Called Strike
2-2: Ball
3-2: Strikes out swinging
Batting: LHB Dan Pasqua 0-0: Called Strike
0-1: Ball
1-1: Ball
2-1: Fly out, F5 (Popup, 25F, EV 82.5 MPH)
Bottom of the 6th over - 0 runs, 0 hits, 0 errors, 0 left on base; Minnesota 5 - Chicago 7
TOP OF THE 7TH
Minnesota Twins batting - Pitching for Chicago Cubs : RHP Julio Valera
Batting: RHB Mark Grudzielanek 0-0: Ball
1-0: SINGLE (Line Drive, 8RS, EV 97.5 MPH)
Pitching: LHP Mike Holtz
Batting: RHB Rey Ordonez 0-0: Ball
1-0: Ball
2-0: Bunted foul
2-1: Bunt missed!
2-2: Strikes out looking
Batting: LHB Darin Erstad 0-0: Ball
1-0: Foul Ball, location: 2F
1-1: Ball
2-1: Fly out, F9 (Line Drive, 9D, EV 96.9 MPH)
Batting: LHB Kal Daniels 0-0: Called Strike
0-1: Fly out, F7 (Flyball, 7, EV 81.3 MPH)
Top of the 7th over - 0 runs, 1 hit, 0 errors, 1 left on base; Minnesota 5 - Chicago 7
BOTTOM OF THE 7TH
Chicago Cubs batting - Pitching for Minnesota Twins : RHP Jerry Spradlin
Batting: LHB Phil Plantier 0-0: Foul Ball, location: 2F
0-1: SOLO HOME RUN (Flyball, 7D, EV 99.4 MPH), Distance : 369 ft
Batting: RHB Vinny Castilla 0-0: DOUBLE (Flyball, 78XD, EV 95.0 MPH)
Batting: RHB Craig Shipley 0-0: Bunted foul
0-1: Sac Bunt to 25 - play at first, batter OUT! 5-4
Vinny Castilla to third
Batting: RHB Jeff Cirillo 0-0: Foul Ball, location: 2F
0-1: Called Strike
0-2: Ball
1-2: Ball
2-2: Ground out 5-3 (Groundball, 56S, EV 88.8 MPH)
Vinny Castilla scores
Batting: RHB Chris Hoiles 0-0: Swinging Strike
0-1: Swinging Strike
0-2: Strikes out looking
Bottom of the 7th over - 2 runs, 2 hits, 0 errors, 0 left on base; Minnesota 5 - Chicago 9
TOP OF THE 8TH
Minnesota Twins batting - Pitching for Chicago Cubs : LHP Mike Holtz
Batting: RHB Frank Thomas 0-0: Ball
1-0: Called Strike
1-1: Foul Ball, location: 2F
1-2: Strikes out swinging
Batting: LHB Larry Walker 0-0: Ball
1-0: Ground out U3 (Groundball, 3, EV 88.1 MPH)
Batting: RHB Koji Akiyama 0-0: Swinging Strike
0-1: Swinging Strike
0-2: Foul Ball, location: 2F
0-2: Strikes out looking
Top of the 8th over - 0 runs, 0 hits, 0 errors, 0 left on base; Minnesota 5 - Chicago 9
BOTTOM OF THE 8TH
Chicago Cubs batting - Pitching for Minnesota Twins : RHP Jerry Spradlin
Batting: LHB Rich Becker 0-0: DOUBLE (Groundball, 5L, EV 96.9 MPH)
Batting: LHB Trot Nixon 0-0: Foul Ball, location: 2F
0-1: Fly out, F7 (Flyball, 7S, EV 95.6 MPH)
Batting: RHB Mike Piazza 0-0: Ball
1-0: Foul Ball, location: 2F
1-1: DOUBLE (Line Drive, 78XD, EV 106.3 MPH)
Rich Becker scores
Pitching: LHP Gene Walter
Batting: LHB Dan Pasqua 0-0: Called Strike
0-1: Ball
1-1: Ball
2-1: DOUBLE (Line Drive, 89D, EV 99.4 MPH)
Mike Piazza scores
Batting: LHB Phil Plantier 0-0: Ball
1-0: Fly out, F7 (Flyball, 78S, EV 88.1 MPH)
Batting: RHB Vinny Castilla 0-0: Swinging Strike
0-1: Ball
1-1: Ground out 6-3 (Groundball, 6, EV 105.6 MPH)
Bottom of the 8th over - 2 runs, 3 hits, 0 errors, 1 left on base; Minnesota 5 - Chicago 11
TOP OF THE 9TH
Minnesota Twins batting - Pitching for Chicago Cubs : LHP Mike Holtz
Batting: RHB Brook Fordyce 0-0: Ball
1-0: Foul Ball, location: 2F
1-1: Foul Ball, location: 2F
1-2: Foul Ball, location: 2F
1-2: Ball
2-2: SINGLE (Line Drive, 8LS, EV 90.6 MPH)
Batting: SHB Brent Gates 0-0: Called Strike
0-1: Swinging Strike
0-2: Ball
1-2: Ball
2-2: Foul Ball, location: 2F
2-2: Foul Ball, location: 2F
2-2: Ball
3-2: Strikes out looking
Pitching: RHP Dana Kiecker
Batting: RHB Mark Grudzielanek 0-0: DOUBLE (Flyball, 7LM, EV 113.8 MPH)
Brook Fordyce to third
Batting: RHB Rey Ordonez 0-0: Ball
1-0: Fly out, F5 (Popup, 5SF, EV 88.8 MPH)
Batting: LHB Darin Erstad 0-0: Ball
1-0: Ground out 4-3 (Groundball, 4M, EV 86.3 MPH)
Top of the 9th over - 0 runs, 2 hits, 0 errors, 2 left on base; Minnesota 5 - Chicago 11
Tuesday, March 3rd, 2026 - OOTP Baseball 20.8 Build 74